 Dungeon Crawl Stone Soup version 0.23.0 (webtiles) character file.

Game seed: 13975999367096493654

49 tidbits the Charmwright (level 3, 0/31 HPs)
             Began as a Gnoll Skald on Feb 11, 2019.
             Slain by Terence
             ... wielding a +0 trident
              (5 damage)
             ... on level 2 of the Dungeon.
             The game lasted 00:03:24 (353 turns).

tidbits the Charmwright (Gnoll Skald)                Turns: 353, Time: 00:03:25

Health: 0/31       AC:  3    Str: 18    XL:     3   Next: 77%
Magic:  6/9        EV: 14    Int: 16    God:
Gold:   12         SH:  0    Dex: 14    Spells: 7/12 levels left

rFire    . . .     SeeInvis .   a - +0 spear
rCold    . . .     Gourm    +   (no shield)
rNeg     + . .     Faith    .   b - +0 leather armour
rPois    .         Spirit   .   (no helmet)
rElec    .         Reflect  .   (no cloak)
rCorr    .         Harm     .   (no gloves)
MR       .....                  (no boots)
Stlth    +.........             c - amulet of the gourmand
HPRegen  0.10/turn              n - ring of positive energy
MPRegen  0.11/turn              (no ring)

@: mighty
A: distributed training, fangs 1, strong nose
a: no special abilities


You were on level 2 of the Dungeon.
You were not hungry.

You visited 1 branch of the dungeon, and saw 2 of its levels.

You collected 12 gold pieces.

Inventory:

Hand Weapons
 a - a +0 spear (weapon)
 e - a +0 dagger
 p - a +0 hunting sling
Missiles
 f - 48 sling bullets
 l - 19 stones (quivered)
Armour
 b - a +0 leather armour (worn)
 q - a +0 hat
Jewellery
 c - an amulet of the gourmand (around neck)
   (You found it on level 1 of the Dungeon)
 n - a ring of positive energy (left hand)
   (You found it on level 1 of the Dungeon)
Scrolls
 g - a scroll of teleportation {unknown}
 h - a scroll of immolation {unknown}
 k - a scroll of remove curse {unknown}
 m - a scroll of identify
 o - a scroll of enchant armour {unknown}
Potions
 i - a potion of lignification {unknown}
Comestibles
 d - a ration


   Skills:
 + Level 4.5 Fighting
 + Level 0.9 Short Blades
 + Level 0.9 Long Blades
 + Level 0.9 Axes
 + Level 0.9 Maces & Flails
 + Level 4.5 Polearms
 + Level 0.9 Staves
 + Level 0.9 Slings
 + Level 0.9 Bows
 + Level 0.9 Crossbows
 + Level 0.9 Throwing
 + Level 2.6 Armour
 + Level 4.5 Dodging
 + Level 0.9 Stealth
 + Level 0.9 Shields
 + Level 0.9 Unarmed Combat
 + Level 5.0 Spellcasting
 + Level 0.6 Conjurations
 + Level 0.6 Hexes
 + Level 5.4 Charms
 + Level 0.6 Summonings
 + Level 0.6 Necromancy
 + Level 0.6 Translocations
 + Level 0.6 Transmutations
 + Level 0.6 Fire Magic
 + Level 0.6 Ice Magic
 + Level 0.6 Air Magic
 + Level 0.6 Earth Magic
 + Level 0.6 Poison Magic
 + Level 1.0 Invocations
 + Level 0.9 Evocations


You had 7 spell levels left.
You knew the following spells:

 Your Spells              Type           Power        Failure   Level  Hunger
g - Shroud of Golubria    Chrm/Tloc      ##........   8%          2    #......
i - Infusion              Chrm           ###.         1%          1    None
y - Song of Slaying       Chrm           ###.....     3%          2    #......

Your spell library contained the following spells:

 Spells                   Type           Power        Failure   Level  Hunger
 Regeneration             Chrm/Necr      ##........   16%         3    ###....
 Spectral Weapon          Hex/Chrm       ##......     16%         3    ###....


Dungeon Overview and Level Annotations

Branches:
Dungeon (2/15)

Altars:

Annotations:
D:2 Terence


Innate Abilities, Weirdness & Mutations

Your experience applies equally to all skills.
You have very sharp teeth.
Your uncanny sense of smell can sniff out nearby items.


Message History

You see here 27 sling bullets.
f - 48 sling bullets (gained 27)
A goblin comes into view.
The goblin shouts!
Unknown command.
Found 6 gold pieces.
You hit the goblin.
The goblin is heavily wounded.
The goblin misses you.
You closely miss the goblin. You bite the goblin.
The goblin is severely wounded.
The goblin hits you.
You hit the goblin.
You kill the goblin!
There is a stone staircase leading down here.
You climb downwards.
Terence the Incautious comes into view.
He is wielding a +0 trident.
Terence shouts!
You hear a shout!
You hear an angry hiss.
Natasha, Servant of Life and Death comes into view.
Terence bares his teeth.
A ball python comes into view.
Natasha hisses angrily.
Found four items.
Found a stone staircase leading down.
There is a stone staircase leading up here.
As you read the scroll labeled WILOVO AZAOMNO, it crumbles to dust.
It is a scroll of identify.
j - 2 potions of might Terence drinks a potion.
Terence suddenly seems more agile.
A goblin comes into view. It is wielding a +0 dagger.
You feel very mighty all of a sudden.
Terence screams, "I'm going to kill you!"
Natasha completely misses you. Natasha closely misses you.
Casting: Infusion (safe; 2% risk of failure)
Confirm with . or Enter, or press ? or * to list all spells.
Space distorts slightly along a thin shroud covering your body.
You barely miss the goblin. The goblin barely misses you.
You puncture the goblin!
You kill the goblin!
Terence hits you from afar with a +0 trident!
Your shroud falls apart!
A dart slug comes into view.
A rat comes into view.
The dart slug moves out of view.
Unknown command.
You puncture Natasha!
Natasha is severely wounded.
Natasha casts a spell at you. The magic dart hits you.
Terence hits you from afar with a +0 trident.
* * * LOW HITPOINT WARNING * * *
You hit Natasha.
You kill Natasha!
Natasha screams in fury as she dies!
Your Spellcasting skill increases to level 5!
Your Invocations skill increases to level 1!
You have reached level 3!
Your experience leads to an increase in your attributes!
Your base attributes are Str 13, Int 15, Dex 14.
Increase (S)trength, (I)ntelligence, or (D)exterity?
You feel clever.
A kobold comes into view.
Attack whom?
Press: ? - help, Dir - move target cursor, f - Terence
Aim: Terence, wielding a +0 trident and wearing a +0 scale mail (unusually agile)
You reach to attack!
You closely miss Terence. Terence misses you.
Attack whom?
Press: ? - help, Dir - move target cursor, f/p - Terence
Aim: Terence, wielding a +0 trident and wearing a +0 scale mail (unusually agile)
You reach to attack!
The kobold shouts!
You hit Terence but do no damage. Terence barely misses you.
Attack whom?
Press: ? - help, Dir - move target cursor, f/p - Terence
Aim: Terence, wielding a +0 trident and wearing a +0 scale mail (unusually agile)
You reach to attack!
You hit Terence.
Terence is lightly wounded.
Terence misses you.
Attack whom?
Press: ? - help, Dir - move target cursor, f/p - Terence
Aim: Terence, wielding a +0 trident and wearing a +0 scale mail (lightly wounded, unusually agile)
You reach to attack!
You barely miss Terence.
Terence is lightly wounded.
Attack whom?
Press: ? - help, Dir - move target cursor, f/p - Terence
Aim: Terence, wielding a +0 trident and wearing a +0 scale mail (lightly wounded, unusually agile)
You reach to attack!
You completely miss Terence.
Terence is lightly wounded.
Terence hits you from afar with a +0 trident!
* * * LOW HITPOINT WARNING * * *
You puncture the dart slug!
You kill the dart slug!
Terence hits you from afar with a +0 trident.
* * * LOW HITPOINT WARNING * * *
The kobold throws a stone.
The stone hits you.
* * * LOW HITPOINT WARNING * * *
You feel mightier all of a sudden.
Terence hits you from afar with a +0 trident.
You die...

###### ∆ #@.@S#
#.#r##.#######
##.K$.........?
...>...h.......
###.###......###
#.. ?.......#
#..##.......# #.
..........
.#...####.##


You could see Terence, a ball python, a kobold and a rat.

Vanquished Creatures
  Natasha (D:2)
  3 dart slugs
  A leopard gecko (D:1)
  2 bats (D:1)
  A giant cockroach (D:1)
  4 goblins
  2 kobolds (D:1)
  A frilled lizard (D:1)
  5 rats (D:1)
20 creatures vanquished.

Notes
Turn   | Place    | Note
-------+----------+-------------------------------------------
     0 | D:1      | tidbits the Gnoll Skald began the quest for the Orb.
     0 | D:1      | Reached XP level 1. HP: 20/20 MP: 6/6
    38 | D:1      | Reached XP level 2. HP: 25/26 MP: 4/7
    49 | D:1      | Learned a level 2 spell: Song of Slaying
    52 | D:1      | Learned a level 2 spell: Shroud of Golubria
   334 | D:2      | Noticed Terence
   334 | D:2      | Noticed Natasha
   346 | D:2      | Killed Natasha
   346 | D:2      | Reached skill level 5 in Spellcasting
   346 | D:2      | Reached skill level 1 in Invocations
   346 | D:2      | Reached XP level 3. HP: 16/31 MP: 5/9
   352 | D:2      | HP: 6/31 [Terence/+0 trident (2)]
   353 | D:2      | Slain by Terence

Skill      XL: |  1  2 |
---------------+-------+-----
Spellcasting   | 5 |  5.0
Invocations    | 1 |  1.0
Fighting       | |  4.5
Short Blades   | |  0.9
Long Blades    | |  0.9
Axes           | |  0.9
Maces & Flails | |  0.9
Polearms       | |  4.5
Staves         | |  0.9
Slings         | |  0.9
Bows           | |  0.9
Crossbows      | |  0.9
Throwing       | |  0.9
Armour         | |  2.6
Dodging        | |  4.5
Stealth        | |  0.9
Shields        | |  0.9
Unarmed Combat | |  0.9
Conjurations   | |  0.6
Hexes          | |  0.6
Charms         | |  5.4
Summonings     | |  0.6
Necromancy     | |  0.6
Translocations | |  0.6
Transmutations | |  0.6
Fire Magic     | |  0.6
Ice Magic      | |  0.6
Air Magic      | |  0.6
Earth Magic    | |  0.6
Poison Magic   | |  0.6
Evocations     | |  0.9

Action                   || total
-------------------------++-------
Melee: Spear             ||    55
       Bite              ||     3
 Cast: Infusion          ||     5
       Shroud of Golubri ||     1
  Use: Potion            ||     2
       Scroll            ||     1
Armor: Leather armour    ||     8
Dodge: Dodged            ||    22

Table legend:
 A = Turns spent in this place as a percentage of turns spent in the entire game.
 B = Non-inter-level travel turns spent in this place as a percentage of non-inter-level travel turns spent in the entire game.
 C = Inter-level travel turns spent in this place as a percentage of turns spent in this place.
 D = Turns resting spent in this place as a percentage of non-inter-level travel turns spent in this place.
 E = Turns spent auto-exploring this place as a percentage of non-inter-level travel turns spent in this place.
 F = Non-inter-level travel turns spent in this place divided by the number of levels of this place that you've seen.
                   A       B       C       D       E      F
               +-------+-------+-------+-------+-------+----------------------
         Total | 100.0 | 100.0 |   6.2 |   0.0 |   0.0 | 165.5
       Dungeon | 100.0 | 100.0 |   6.2 |   0.0 |   0.0 | 165.5
               +-------+-------+-------+-------+-------+----------------------

Table legend:
 A = Kills in this place as a percentage of kills in entire the game.
 B = Kills by you in this place as a percentage of kills by you in the entire game.
 C = Kills by friends in this place as a percentage of kills by friends in the entire game.
 D = Other kills in this place as a percentage of other kills in the entire game.
 E = Experience gained in this place as a percentage of experience gained in the entire game.
 F = Experience gained in this place divided by the number of levels of this place that you have seen.
                   A       B       C       D       E      F
               +-------+-------+-------+-------+-------+----------------------
         Total | 100.0 | 100.0 |   N/A |   N/A | 100.0 |  35.5
       Dungeon | 100.0 | 100.0 |   N/A |   N/A | 100.0 |  35.5
               +-------+-------+-------+-------+-------+----------------------

Levels and vault maps discovered:
D:1:      lightli_arrival_boilingwater, layout_loops_cross, hex_tiny
D:2:      layout_basic, lemuel_doored_altar, gammafunk_temple_overflow_statue,
          uniq_natasha, uniq_terence
